[Event "*** Titled Tuesday 3|2 Blitz (Early)"]
[Site "Chess.com"]
[Date "2016.12.06"]
[Round "6"]
[White "NewBornNow"]
[Black "Evgeny_Levin"]
[Result "0-1"]
[WhiteElo "2581"]
[BlackElo "2731"]
[TimeControl "180+2"]
[EndTime "12:16:43 PST"]
[Termination "Evgeny_Levin won by checkmate"]

1. e4 c5 2. Nf3 d6 3. d4 cxd4 4. Nxd4 Nf6 5. Nc3 a6 6. Be2 g6 7. g4 h6 8. h4 Bg7 9. Rg1 Nc6 10. Be3 h5 11. g5 Ng4 12. Bxg4 hxg4 13. Nd5 Ne5 14. Qe2 e6 15. Nf6+ Bxf6 16. gxf6 Rxh4 17. O-O-O Qxf6 18. Kb1 Bd7 19. Qd2 Nc4 20. Qb4 b5 21. Bc1 e5 22. Ne2 Qxf2 23. Nc3 a5 24. Qb3 a4 25. Qb4 Rh2 26. Nd5 Qxc2+ 27. Ka1 a3 28. Nc7+ Kf8 29. Nxa8 axb2+ 30. Bxb2 Qxb2+ 31. Qxb2 Nxb2 32. Rxd6 Be6 33. Nc7 Bc4 34. Rb1 Na4 35. Nxb5 Rxa2# 0-1

[Event "*** Titled Tuesday 3|2 Blitz (Early)"]
[Site "Chess.com"]
[Date "2016.12.06"]
[Round "6"]
[White "josiwales"]
[Black "Ind1anStar"]
[Result "1/2-1/2"]
[WhiteElo "2245"]
[BlackElo "2187"]
[TimeControl "180+2"]
[EndTime "12:16:59 PST"]
[Termination "Game drawn by repetition"]

1. e4 e6 2. d3 d5 3. Qe2 Nf6 4.
Nf3 c5 5. e5 Nfd7 6. g3 Nc6 7. Bg2 g6 8. h4 h5 9. Bf4 Bg7 10. O-O Qc7 11. c4 dxc4 12. dxc4 Nd4 13. Nxd4 cxd4 14. Re1 O-O 15. Na3 a6 16. Nc2 Rd8 17. Nxd4 Bxe5 18. Nxe6 fxe6 19. Bxe5 Nxe5 20. Qxe5 Qxe5 21. Rxe5 Kf7 22. Rae1 Rb8 23. c5 Bd7 24. b3 Re8 25. Rd1 Re7 26. Rd6 a5 27. a4 Bc6 28.
Bxc6 bxc6 29. Rxc6 Rxb3 30. Ra6 Kf6 31. Rg5 Rd7 32. c6 Rd2 33. c7 Rc3 34. Raxa5 Rc1+ 35. Kg2 Rcc2 36. c8=Q Rxf2+ 37. Kg1 Rg2+ 38. Kf1 Rgf2+ 39.
Ke1 Rfe2+ 40. Kd1 Red2+ 41. Ke1 Re2+ 42. Kf1 Rf2+ 43. Ke1 Rfe2+ 44. Kd1 Red2+ 45. Ke1 Re2+ 46. Kf1 Rf2+ 47. Ke1 Rfe2+ 1/2-1/2

[Event "*** Titled Tuesday 3|2 Blitz (Early)"]
[Site "Chess.com"]
[Date "2016.12.06"]
[Round "6"]
[White "Divertissement"]
[Black "pastouche06"]
[Result "1-0"]
[WhiteElo "2436"]
[BlackElo "2307"]
[TimeControl "180+2"]
[EndTime "12:17:34 PST"]
[Termination "Divertissement won by resignation"]

1. Nf3 d5 2. g3 Nf6 3. Bg2 c5 4.
O-O e6 5. d4 cxd4 6. Nxd4 e5 7.
Nb3 Nc6 8. Nc3 d4 9. Ne4 Be7 10. e3 O-O 11. exd4 exd4 12. Re1 Bf5 13. Nbc5 Qb6 14.
Nd3 Rad8 15. Nd2 Rfe8 16. Nc4 Qa6 17. b3 Nb4 18. Rxe7 Rxe7 19. Nxb4 Qe6 20. Bg5 h6 21.
Bxf6 gxf6 22. Nd3 b5 23. Nd2 Qe2 24. Bf1 Qxd1 25. Rxd1 Rc8 26. Nf3 Rd7 27. Rd2 Be4 28. Nde1 Rc3 29. Nxd4 b4 30. f3 Bb7 31. Bc4 a5 32.
Kf2 a4 33. Ke2 Re7+ 34. Kf2 a3 35. Nd3 Rc7 36. Nxb4 1-0

[Event "*** Titled Tuesday 3|2 Blitz (Early)"]
[Site "Chess.com"]
[Date "2016.12.06"]
[Round "6"]
[White "jncool68"]
[Black "dretch"]
[Result "1-0"]
[WhiteElo "2522"]
[BlackElo "2598"]
[TimeControl "180+2"]
[EndTime "12:17:52 PST"]
[Termination "jncool68 won by resignation"]

1. e4 e6 2. d4 d5 3. Nc3 Nf6 4. e5 Nfd7 5. f4 c5 6. Nf3 Nc6 7. Be3 cxd4 8. Nxd4 Bc5 9. Qd2 O-O 10.
O-O-O a6 11. Nb3 Be7 12. Bd3 Nb4 13. Kb1 Nxd3 14. cxd3 b6 15. Ne2 Nc5 16. Ned4 Bd7 17.
g4 a5 18. f5 a4 19. Nc1 f6 20. exf6 Bxf6 21. g5 Bxd4 22. Bxd4 Rxf5 23. Rde1 Qxg5 24.
Qb4 Qh4 25. Bxc5 Qxb4 26. Bxb4 e5 27. Rhf1 Rh5 28. Rf2 Re8 29. a3 Bf5 30. Ka1 g6 31. Bd6 e4 32. dxe4 Bxe4 33. Bg3 Rc8 34. Ne2 Rc2 35.
Nc3 Rxf2 36. Bxf2 Rxh2 37. Nxe4 dxe4 38. Bxb6 Rh4 39. b3 Rh3 40. Be3 axb3 41. Kb2 Kf7 42.
a4 Rh5 43. Kxb3 Ke6 44. Kb4 Kd7 45. Rc1 Rh3 46. Rc3 g5 47. a5 Rh6 48. Bxg5 Rc6 49. Rh3 h6 50. Bxh6 Kc8 51. Kb5 Rc2 52. Be3 Rb2+ 53.
Kc6 Kd8 54. a6 Ra2 55. a7 Ke7 56. Rh8 Ke6 57. a8=Q Rxa8 1-0

[Event "*** Titled Tuesday 3|2 Blitz (Early)"]
[Site "Chess.com"]
[Date "2016.12.06"]
[Round "6"]
[White "Wolverine_master"]
[Black "Morpheus4"]
[Result "1-0"]
[WhiteElo "2032"]
[BlackElo "1936"]
[TimeControl "180+2"]
[EndTime "12:17:53 PST"]
[Termination "Wolverine_master won on time"]

1. e4 c5 2. Nf3 d6 3. d4 cxd4 4.
Nxd4 Nf6 5. Nc3 a6 6. Bg5 e6 7. f4 Be7 8. Qf3 Qc7 9. O-O-O Nbd7 10. g4 Rb8 11. Bxf6 gxf6 12. h4 b5 13. g5 b4 14. Nce2 Bb7 15. Bh3 Nc5 16. Ng3 f5 17.
Qh5 d5 18. exf5 Qxf4+ 19. Kb1 e5 20. Nge2 Qe4 21. Ne6 Rc8 22. Ng3 Qc4 23. Bf1 Nd3 24. Bxd3 Qc6 25. g6 1-0

[Event "*** Titled Tuesday 3|2 Blitz (Early)"]
[Site "Chess.com"]
[Date "2016.12.06"]
[Round "6"]
[White "Gabrielian_Artur"]
[Black "BillieKimbah"]
[Result "1-0"]
[WhiteElo "2598"]
[BlackElo "2582"]
[TimeControl "180+2"]
[EndTime "12:17:57 PST"]
[Termination "Gabrielian_Artur won by checkmate"]

1. e4 c5 2. Nf3 Nc6 3. Bb5 g6 4.
Bxc6 bxc6 5. O-O Bg7 6. c3 Nh6 7.
d4 cxd4 8. cxd4 O-O 9. Re1 d5 10. e5 f6 11. e6 Qd6 12. Qe2 c5 13. b3 cxd4 14. Nxd4 Ba6 15. Qd1 f5 16. h3 f4 17.
Nc3 f3 18. Nxf3 Bxc3 19. Bxh6 Rf6 20. Rc1 Bxe1 21. Qxe1 Qxe6 22. Qa5 Bd3 23. Ng5 Qf5 24. f3 Qe5 25. Qxa7 Ra6 26. Qc5 Rxa2 27. Qc8+ Rxc8 28.
Rxc8# 1-0

[Event "*** Titled Tuesday 3|2 Blitz (Early)"]
[Site "Chess.com"]
[Date "2016.12.06"]
[Round "6"]
[White "Nachsueb"]
[Black "popov_m"]
[Result "0-1"]
[WhiteElo "2069"]
[BlackElo "2296"]
[TimeControl "180+2"]
[EndTime "12:18:02 PST"]
[Termination "popov_m won by resignation"]

1. e4 e6 2. d4 d5 3. Nc3 Bb4 4. e5 Ne7 5. a3 Bxc3+ 6. bxc3 c5 7. Qg4 Qc7 8. Qxg7 Rg8 9. Qxh7 cxd4 10. Qd3 Qxe5+ 11. Ne2 dxc3 12. Bf4 Qf5 13. Qxc3 Nbc6 14. h4 e5 15. Bg3 Be6 16. Rb1 O-O-O 17. Qb2 Rd7 18.
h5 d4 19. Nc1 Nd5 20. Bd3 e4 21. Bb5 Nb6 22. Bxc6 bxc6 23. a4 Bc4 24. Qb4 e3 25.
a5 exf2+ 26. Bxf2 Re8+ 27. Kd1 Qg4+ 0-1

[Event "*** Titled Tuesday 3|2 Blitz (Early)"]
[Site "Chess.com"]
[Date "2016.12.06"]
[Round "6"]
[White "SCIM"]
[Black "Tash_Boy"]
[Result "0-1"]
[WhiteElo "2300"]
[BlackElo "2474"]
[TimeControl "180+2"]
[EndTime "12:18:06 PST"]
[Termination "Tash_Boy won by checkmate"]

1. e4 c5 2. Nf3 e6 3. g3 d5 4.
exd5 exd5 5. d4 Nc6 6. Bg2 Nf6 7. O-O Be7 8. dxc5 O-O 9. Bg5 Bxc5 10. Nc3 Be6 11. Nb5 h6 12. Bf4 Rc8 13. Nbd4 Bg4 14. c3 Qb6 15. Nb3 Be7 16. Be3 Qc7 17. Qd2 Rfe8 18. Rfe1 Rcd8 19. Nfd4 Ne4 20. Qc2 Bc8 21. Bf4 Bd6 22. Nb5 Qb8 23. Bxe4 Bxf4 24. Bh7+ Kh8 25.
gxf4 Qxf4 26. N5d4 Bh3 27. Kh1 Ne5 28. Bf5 Nf3 29.
Rxe8+ Rxe8 30. Bxh3 Qxh2# 0-1

[Event "*** Titled Tuesday 3|2 Blitz (Early)"]
[Site "Chess.com"]
[Date "2016.12.06"]
[Round "6"]
[White "Tesla37"]
[Black "AdrianaNikolova"]
[Result "1-0"]
[WhiteElo "2606"]
[BlackElo "2254"]
[TimeControl "180+2"]
[EndTime "12:18:13 PST"]
[Termination "Tesla37 won by checkmate"]

1. e4 c5 2. Nf3 Nc6 3. Nc3 d6 4.
Bb5 Bd7 5. Bxc6 Bxc6 6. d4 cxd4 7. Qxd4 h6 8. Be3 Nf6 9. O-O-O e6 10. h3 Be7 11. Kb1 O-O 12. Qd3 d5 13. e5 Ne4 14.
Nd4 Nxc3+ 15. Qxc3 Rc8 16. Qd3 Qc7 17. f4 a6 18. g4 Bc5 19. Rh2 Bxd4 20. Bxd4 Bb5 21. Qe3 Bc4 22. f5 Qa5 23. b3 Bb5 24. f6 Rc7 25. fxg7 Kxg7 26. Rf2 Rfc8 27. h4 Qb4 28. h5 Be8 29. g5 hxg5 30. Qxg5+ Kf8 31. h6 Rc4 32. h7 Rxd4 33. h8=R# 1-0

[Event "*** Titled Tuesday 3|2 Blitz (Early)"]
[Site "Chess.com"]
[Date "2016.12.06"]
[Round "6"]
[White "micfel"]
[Black "stuffings101"]
[Result "1-0"]
[WhiteElo "2285"]
[BlackElo "2159"]
[TimeControl "180+2"]
[EndTime "12:18:30 PST"]
[Termination "micfel won on time"]

1. e4 d6 2. d4 Nf6 3. Nc3 g6 4. f4 Bg7 5. Nf3 O-O 6. Be2 c5 7. Be3 Ng4 8. Bg1 cxd4 9. Nxd4 Nf6 10. Qd2 Nc6 11. O-O-O Bd7 12. Kb1 Nxd4 13. Bxd4 Bc6 14. Bf3 Qa5 15. h4 Rfe8 16. h5 Rac8 17. hxg6 hxg6 18.
e5 dxe5 19. fxe5 Nd7 20. e6 Nf6 21. exf7+ Kxf7 22. Qf2 Bxf3 23. Qxf3 Red8 24. a3 b5 25. Na2 Qc7 26. Bc3 Rxd1+ 27. Rxd1 a5 28. Rd2 Kg8 29. Re2 Rd8 30. Rd2 Rxd2 31. Bxd2 a4 32. Qd3 Qc6 33. Qxg6 Qd5 34. Bh6 Qd1+ 35. Nc1 Nh5 36. g4 Kh8 37.
gxh5 Bf6 38. Bg5 1-0

[Event "*** Titled Tuesday 3|2 Blitz (Early)"]
[Site "Chess.com"]
[Date "2016.12.06"]
[Round "6"]
[White "Izoria123"]
[Black "Salem-AR"]
[Result "1-0"]
[WhiteElo "2577"]
[BlackElo "2677"]
[TimeControl "180+2"]
[EndTime "12:18:34 PST"]
[Termination "Izoria123 won by resignation"]

1. Nf3 c5 2. e4 d6 3. c3 Nf6 4.
Be2 Nbd7 5. d3 b6 6. O-O Bb7 7. Nbd2 e5 8. d4 Be7 9. d5 a6 10.
c4 O-O 11. b3 Bc8 12. Ne1 g6 13. Nd3 b5 14. Bb2 Re8 15. Qc2 Bf8 16. Rae1 Rb8 17. Bc3 Bg7 18. g3 Nb6 19. Bf3 Bd7 20. Bg2 bxc4 21.
bxc4 Na4 22. Ba1 h5 23. f4 exf4 24. gxf4 h4 25. e5 h3 26. Bf3 dxe5 27. fxe5 Nh7 28.
Ne4 Ng5 29. Nd6 Rf8 30. Kh1 Nxf3 31. Rxf3 Qh4 32. Ref1 Bg4 33. Rf4 Qh5 34. Ne4 Be2 35.
Ng3 Bxd3 36. Qxd3 Qg5 37. Qf3 Bxe5 38. Rxf7 Rxf7 39. Qxf7+ Kh8 40. Qc7 Re8 41. Rf7 Qc1+ 42. Nf1 Qb1 1-0

[Event "*** Titled Tuesday 3|2 Blitz (Early)"]
[Site "Chess.com"]
[Date "2016.12.06"]
[Round "6"]
[White "Lector118"]
[Black "fireheart92"]
[Result "0-1"]
[WhiteElo "2330"]
[BlackElo "2540"]
[TimeControl "180+2"]
[EndTime "12:18:43 PST"]
[Termination "fireheart92 won by resignation"]

1. d4 Nf6 2. c4 g6 3. Nc3 Bg7 4. e4 d6 5. Nf3 O-O 6. Be2 e5 7. O-O Nc6 8. d5 Ne7 9. Ne1 Nd7 10. Nd3 f5 11. Bd2 Nf6 12. f3 f4 13. c5 g5 14.
cxd6 cxd6 15. Nf2 Ng6 16. Qc2 Rf7 17. Rfc1 h5 18. Nb5 g4 19. Nc7 g3 20. Nxa8 gxf2+ 21. Kxf2 Bg4 22. Nc7 Nxe4+ 23. Qxe4 Bf5 24. Qc4 e4 25.
fxe4 Ne5 26. Qc2 Qh4+ 27. Kg1 f3 28. Be1 Qg5 29. Bf1 fxg2 30. Qxg2 Bh3 31. Bg3 Bxg2 32. Bxg2 Nd3 33. Rc2 h4 34. Bxd6 Bd4+ 35. Kh1 Nf2+ 36. Rxf2 Rxf2 37. Bh3 Qe3 38. Rg1+ Kh7 39. Bf5+ Rxf5 0-1

[Event "*** Titled Tuesday 3|2 Blitz (Early)"]
[Site "Chess.com"]
[Date "2016.12.06"]
[Round "6"]
[White "VSERGUEI"]
[Black "platy3"]
[Result "0-1"]
[WhiteElo "2605"]
[BlackElo "2703"]
[TimeControl "180+2"]
[EndTime "12:18:55 PST"]
[Termination "platy3 won on time"]

1. d4 Nf6 2. c4 e6 3. Nc3 Bb4 4. f3 c5 5. d5 O-O 6. e4 b5 7. Nh3 bxc4 8. Bxc4 Nxd5 9. Bxd5 exd5 10.
Qxd5 Ba6 11. Bg5 Qa5 12. Kf2 Nc6 13. Rhc1 Rfe8 14. a3 Bxc3 15. Rxc3 Re5 16. Qxd7 Qb5 17. Rac1 h6 18. Bf4 Rd8 19. Qxd8+ Nxd8 20. Bxe5 Qxb2+ 21. Kg1 Nc6 22. f4 c4 23. Nf2 Qb6 24. R3c2 Nxe5 25. fxe5 Qc5 26. e6 fxe6 27. h3 Qxa3 28. Ng4 Qc5+ 29.
Kh1 Bb5 30. Rd1 Ba4 31. Rd8+ Kh7 32. Rcd2 c3 33. R2d7 Bxd7 34. Rxd7 c2 35. Nf6+ Kg6 36. Ne8 c1=Q+ 37. Kh2 Qf4+ 0-1

[Event "*** Titled Tuesday 3|2 Blitz (Early)"]
[Site "Chess.com"]
[Date "2016.12.06"]
[Round "6"]
[White "joppie2"]
[Black "sorito"]
[Result "1-0"]
[WhiteElo "2547"]
[BlackElo "2361"]
[TimeControl "180+2"]
[EndTime "12:18:56 PST"]
[Termination "joppie2 won by checkmate"]

1. e4 c5 2. Nf3 d6 3. d4 cxd4 4.
Nxd4 Nf6 5. Nc3 a6 6. h3 e6 7. g4 d5 8. exd5 Nxd5 9. Nde2 Bb4 10. Bg2 O-O 11. O-O Nxc3 12. Nxc3 Qc7 13. Qd4 Bxc3 14.
Qxc3 Qxc3 15. bxc3 Nc6 16. Rb1 e5 17. Ba3 Re8 18.
Rfd1 h6 19. Bd5 Be6 20. Bxe6 Rxe6 21. Rxb7 e4 22. Rd6 Rxd6 23. Bxd6 Rd8 24. Bf4 g5 25. Be3 Ne5 26. Kg2 Nf3 27. Rb4 Ne1+ 28. Kg3 Nxc2 29.
Rxe4 Rd3 30. c4 Ra3 31. c5 Rxa2 32. c6 Nxe3 33. c7 Rc2 34. Re8+ Kg7 35. c8=Q Rxc8 36. Rxc8 Nd5 37. Rc6 Nb4 38. Rb6 a5 39. Rb5 Nc6 40. Rc5 Nb4 41. Rxa5 Nd3 42. Rf5 f6 43. Kf3 Kg6 44. Ke4 Ne1 45. Ra5 Ng2 46. Ra3 Nh4 47. Kd5 h5 48. Ke6 hxg4 49. hxg4 Ng2 50. Ke7 Nf4 51.
Ra6 Nd5+ 52. Kf8 Nf4 53. f3 Nd3 54. Ke7 Ne5 55. Rxf6+ Kg7 56. Rf5 Ng6+ 57. Ke6 Kh6 58. Kf6 Nh4 59. Rxg5 Nxf3 60. Rh5# 1-0

[Event "*** Titled Tuesday 3|2 Blitz (Early)"]
[Site "Chess.com"]
[Date "2016.12.06"]
[Round "6"]
[White "saraswathii"]
[Black "MFBerna"]
[Result "1-0"]
[WhiteElo "2197"]
[BlackElo "2199"]
[TimeControl "180+2"]
[EndTime "12:18:58 PST"]
[Termination "saraswathii won by resignation"]

1. e4 e5 2. d3 Nf6 3. Nf3 Nc6 4. g3 Bc5 5. Bg2 O-O 6. O-O d6 7. h3 Re8 8. c3 a6 9. Qe2 d5 10. exd5 Nxd5 11. Nbd2 Bf8 12. Re1 f6 13. d4 Bf5 14. Nh4 Be6 15. dxe5 Nxe5 16. Ne4 Qd7 17. Kh2 Qf7 18. f4 Nc6 19. Qf3 Bd7 20. Bd2 Rad8 21.
Rad1 Nb6 22. b3 Bc8 23. Be3 Nd5 24. Rxd5 Rxd5 25. Nxf6+ Qxf6 26. Qxd5+ Be6 27. Qd2 Rd8 28. Qc2 Bf7 29. Bf2 Ne7 30. Bd4 Qh6 31. Bxb7 Nd5 32.
Nf5 Qg6 33. Re5 Nf6 34. Re1 c6 35. Bxc6 Nh5 36. Be4 Qe6 37. Nh4 Qh6 38. Nf3 Nxf4 39. gxf4 Qxf4+ 40. Kg2 Be6 41. Be5 Qf7 42. Ng5 Qe7 43.
Nxe6 Qxe6 44. Bxh7+ Kh8 45. Bxg7+ Bxg7 46. Rxe6 1-0

[Event "*** Titled Tuesday 3|2 Blitz (Early)"]
[Site "Chess.com"]
[Date "2016.12.06"]
[Round "6"]
[White "JohanSalomon"]
[Black "Matibar"]
[Result "0-1"]
[WhiteElo "2386"]
[BlackElo "2555"]
[TimeControl "180+2"]
[EndTime "12:19:00 PST"]
[Termination "Matibar won by resignation"]

1. Nf3 c5 2. g3 Nc6 3. c4 e5 4. Nc3 d6 5. Bg2 Be6 6. d3 Be7 7. O-O Nf6 8. Ng5 Bf5 9. a3 h6 10. Nf3 Qd7 11. Rb1 Rc8 12. b4 b6 13. Ne1 O-O 14.
Nc2 Bh3 15. Ne3 Nd4 16. Bd2 Bxg2 17. Kxg2 b5 18. bxc5 bxc4 19. Nxc4 Rxc5 20. f3 Rfc8 21. Re1 Qe6 22. Na4 R5c7 23. Ba5 Rxc4 24. dxc4 Rxc4 25. Nb2 Rc2 26. Kg1 Qh3 27. Qd3 d5 28. Nd1 e4 29.
Rb8+ Kh7 30. Nf2 exd3 31. Nxh3 Bc5 32. Kg2 Nxe2 33. Nf2 Nxg3 34. hxg3 Rxf2+ 35. Kh3 Rxf3 36. Bc7 Ne4 37. Rb2 Bf2 38. Rf1 d2 39. Kg2 Be1 40.
Rxd2 Rxf1 41. Kxf1 Bxd2 0-1

[Event "*** Titled Tuesday 3|2 Blitz (Early)"]
[Site "Chess.com"]
[Date "2016.12.06"]
[Round "6"]
[White "Sethu0025"]
[Black "RodinMihail"]
[Result "1-0"]
[WhiteElo "2616"]
[BlackElo "2427"]
[TimeControl "180+2"]
[EndTime "12:19:11 PST"]
[Termination "Sethu0025 won by resignation"]

1. e4 e5 2. Nf3 Nc6 3. Bb5 a6 4.
Ba4 Bc5 5. c3 Nge7 6. O-O Ba7 7.
d4 exd4 8. cxd4 d5 9. exd5 Nxd5 10. Re1+ Be6 11. Nc3 O-O 12. Bg5 Qd6 13. Ne4 Qb4 14.
Bxc6 bxc6 15. Qc2 Bxd4 16. Bd2 Qxb2 17. Qd3 Qxa1 18. Rxa1 Bxa1 19. Neg5 g6 20. Nxe6 fxe6 21. Qc4 Rab8 22. h4 Rb6 23. Qe4 c5 24. a4 Rd6 25.
h5 Nf6 26. Qb1 Bd4 27. hxg6 e5 28. gxh7+ Nxh7 29. Qb3+ Kg7 30. Be3 Rf7 31. Qc2 Nf6 32. Nh4 Rd8 33. Qg6+ Kf8 34. Bh6+ Ke8 35. Nf5 e4 36.
Bg5 c4 37. Nxd4 Rxd4 38. Bxf6 Rd6 39. Qxe4+ Kf8 40. Bd4 Rfd7 41. Bc5 c3 42. Bxd6+ 1-0

[Event "*** Titled Tuesday 3|2 Blitz (Early)"]
[Site "Chess.com"]
[Date "2016.12.06"]
[Round "6"]
[White "poummba"]
[Black "Andrejkin"]
[Result "0-1"]
[WhiteElo "2370"]
[BlackElo "2188"]
[TimeControl "180+2"]
[EndTime "12:19:11 PST"]
[Termination "Andrejkin won by resignation"]

1. d4 Nf6 2. f3 c5 3. d5 e6 4. c4 b5 5. dxe6 dxe6 6. Qxd8+ Kxd8 7. cxb5 Nbd7 8. e4 Bd6 9. Be3 Ke7 10. Nd2 a6 11. bxa6 Bxa6 12. Bxa6 Rxa6 13. Nc4 Rha8 14.
a3 Ne5 15. Nxe5 Bxe5 16. O-O-O Nd7 17. Ne2 Rb8 18. Rd2 Rab6 19. b4 Rc6 20. Rc2 Ra6 21.
Bxc5+ Nxc5 22. Rxc5 Rxa3 23. Rxe5 Ra1+ 24. Kc2 Rxh1 25.
Rh5 Rxb4 26. Rxh7 Rc4+ 27. Kd3 Rc7 28. Rxg7 Rxh2 29. Ke3 Kf6 30. Rg8 Rc2 31. f4 Ra2 32. e5+ Ke7 33. Nc3 Ra3 34. Kd4 Rb3 35. Ne4 Rb2 36.
Nf6 Rd2+ 37. Ke3 Rd8 38. Rg7 Ra8 39. Ne4 Ra3+ 40. Kf2 Rh4 41. g3 Rh2+ 42. Kg1 Rb2 43. Nf2 Ra1+ 44. Kg2 Raa2 45. Kh3 Rxf2 46. Kg4 Rg2 47.
Kh4 Ra8 48. g4 Ra4 49. Kg5 Rf2 50. f5 exf5 51. e6 Kxe6 52. gxf5+ Ke7 53. f6+ Ke6 54.
Rxf7 Kxf7 0-1

[Event "*** Titled Tuesday 3|2 Blitz (Early)"]
[Site "Chess.com"]
[Date "2016.12.06"]
[Round "6"]
[White "Iball95"]
[Black "Cecile_Haussernot"]
[Result "1-0"]
[WhiteElo "2487"]
[BlackElo "2266"]
[TimeControl "180+2"]
[EndTime "12:19:13 PST"]
[Termination "Iball95 won by resignation"]

1. e4 c5 2. Nf3 d6 3. Bb5+ Nd7 4.
d4 cxd4 5. Qxd4 a6 6. Bxd7+ Bxd7 7. c4 Nf6 8. Nc3 Bg4 9. O-O Bxf3 10. gxf3 e6 11.
Rd1 Nd7 12. Qe3 Ne5 13. b3 Be7 14. f4 Ng4 15. Qg3 h5 16. h3 Bh4 17. Qf3 Nxf2 18.
Rf1 g5 19. fxg5 Rg8 20. Rxf2 Bxf2+ 21. Kxf2 Qa5 22. Bf4 O-O-O 23. Rd1 Qc5+ 24. Qe3 e5 25.
Qxc5+ dxc5 26. Rxd8+ Rxd8 27. Bxe5 Rd3 28. h4 Kd7 29.
Ne2 Rd2 30. a3 Ra2 31. a4 Ke6 32. Bf6 Rd2 33. Ke3 Rd1 34. Nf4+ Kd7 35. e5 Re1+ 36.
Kf3 Rb1 37. g6 Rxb3+ 38. Ke4 fxg6 39. e6+ Kd6 40. e7 Kd7 41. Nxg6 Rb6 42. Kf5 Rd6 43.
Nf8+ Ke8 44. Ne6 Kf7 45. Nd8+ Ke8 46. Nxb7 Rd1 47. Ke6 Re1+ 48. Be5 Rd1 49. Nd6+ Rxd6+ 50. Kxd6 a5 51. Bg3 Kf7 52. Kd7 1-0

[Event "*** Titled Tuesday 3|2 Blitz (Early)"]
[Site "Chess.com"]
[Date "2016.12.06"]
[Round "6"]
[White "alturas_pacificas"]
[Black "Saitama_Hero"]
[Result "1-0"]
[WhiteElo "2175"]
[BlackElo "2139"]
[TimeControl "180+2"]
[EndTime "12:19:27 PST"]
[Termination "alturas_pacificas won on time"]

1. d4 f5 2. Qd3 e6 3. g4 fxg4 4. h3 gxh3 5. Nxh3 Be7 6. Nf4 Nf6 7. Ng6 Rg8 8. Nxe7 Qxe7 9. Bg5 h6 10. Bh4 Nc6 11. Nc3 d5 12. Bh3 Bd7 13. Qg6+ Qf7 14.
Qd3 O-O-O 15. O-O-O e5 16. Bxf6 gxf6 17. dxe5 d4 18. e6 Bxe6 19. Qc4 Rde8 20. Nb5 Kb8 21. Bxe6 Qxe6 22. Qxe6 Rxe6 23. Nxd4 Nxd4 24. Rxd4 Rxe2 25. Rxh6 Rxf2 26. Rg6 Re8 27. Re4 Rd8 28. b3 b6 29.
Rg7 Rd6 30. Rc4 c5 31. Rh4 Rd8 32. Rhh7 f5 33. Rb7+ Ka8 34. Rxa7+ Kb8 35. Rab7+ Ka8 36. Ra7+ Kb8 37. Rab7+ Ka8 38. Rxb6 f4 39. a4 f3 40. Rf7 Rf1+ 41. Kb2 f2 42. Rbf6 Rd2 43. a5 1-0

[Event "*** Titled Tuesday 3|2 Blitz (Early)"]
[Site "Chess.com"]
[Date "2016.12.06"]
[Round "6"]
[White "SmoothAsAHedgehog"]
[Black "Pierrebl"]
[Result "0-1"]
[WhiteElo "2495"]
[BlackElo "2491"]
[TimeControl "180+2"]
[EndTime "12:19:28 PST"]
[Termination "Pierrebl won by resignation"]

1. Nf3 d5 2. c4 c6 3. g3 Bg4 4. Ne5 Be6 5. cxd5 Bxd5 6. Nf3 Bxf3 7.
exf3 g6 8. Nc3 Bg7 9. Bg2 e6 10. O-O Ne7 11. f4 O-O 12. d3 Nd7 13. Qc2 Nf5 14.
Rd1 Nd4 15. Qd2 a5 16. Rb1 Nc5 17. Ne4 Qb6 18. Qe3 Rfd8 19. Bd2 Qb5 20. Bc3 Na4 21. Bf1 Rd7 22. h4 Rad8 23. Ng5 h6 24. Ne4 Qh5 25. Bxd4 Bxd4 26. Qxd4 Rxd4 27. Nf6+ Kg7 28. Nxh5+ gxh5 29. Rdc1 R8d5 30. b3 Nc5 31. Bg2 Nxd3 32. Bxd5 Nxc1 33. Bf3 Nxa2 34. Ra1 Rd2 35. Bxh5 b6 36. Bf3 Nb4 37. Be4 Rb2 38. Ra3 f5 39. Bf3 Nc2 40. Ra4 Rxb3 41. Bxc6 Rb4 42. Ra2 Nd4 43. Bg2 a4 44. Bf1 b5 45.
Kg2 Rb3 46. Bxb5 Nxb5 47. Rxa4 Nd6 48. Ra2 Rd3 49. Re2 Kf6 50. h5 Ne4 51. Kg1 Rd2 52. Rxd2 Nxd2 53. Kg2 Nc4 54. Kf3 Kf7 55. Ke2 Nd6 56.
Ke3 Ne8 57. f3 Nf6 58. g4 fxg4 59. fxg4 Nxg4+ 60. Ke2 Nf6 0-1

[Event "*** Titled Tuesday 3|2 Blitz (Early)"]
[Site "Chess.com"]
[Date "2016.12.06"]
[Round "6"]
[White "ftorodent"]
[Black "GM_Donatello"]
[Result "0-1"]
[WhiteElo "2491"]
[BlackElo "2574"]
[TimeControl "180+2"]
[EndTime "12:19:32 PST"]
[Termination "GM_Donatello won by resignation"]

1. d4 Nf6 2. c4 g6 3. Nc3 d5 4. Nf3 Bg7 5. cxd5 Nxd5 6. Bg5 Nxc3 7. bxc3 c5 8. e3 Qa5 9. Qd2 Bf5 10. Be2 Nd7 11.
O-O Nf6 12. Qb2 Qc7 13. Bb5+ Bd7 14. Rab1 b6 15. Ne5 Bxb5 16. Qxb5+ Kf8 17. Qc4 e6 18. Bf4 Qc8 19. dxc5 Nd5 20. Bg3 h5 21. h4 Bf6 22.
e4 Ne7 23. cxb6 axb6 24. Qxc8+ Nxc8 25. Nd7+ Kg7 26. e5 Be7 27. Nxb6 Rxa2 28. Rfd1 Nxb6 29. Rxb6 Rd8 30. Rxd8 Bxd8 31. Rc6 Rc2 32. Kf1 Ba5 33. c4 Bd2 34. Ke2 Bc1+ 35. Kd3 Ra2 36. Rb6 g5 37.
c5 gxh4 38. Bxh4 Rd2+ 39. Kc3 Rd5 40. Bf6+ Kg6 41. Kc4 Ba3 42. Rb5 Rd1 43. Kb3 Rd3+ 44. Ka4 Rc3 45. c6 Bf8 46. Rb6 Kf5 47. Ra6 Ke4 48.
Kb5 Kd5 49. Rb6 Rc5+ 50. Ka4 Rxc6 51. Rb7 Rc2 52. Rxf7 Bc5 53. f4 Rxg2 54. Rh7 Rh2 55. Kb5 Rb2+ 56. Ka4 Kc4 0-1

[Event "*** Titled Tuesday 3|2 Blitz (Early)"]
[Site "Chess.com"]
[Date "2016.12.06"]
[Round "6"]
[White "stefanodinn"]
[Black "FearlessKing64"]
[Result "1-0"]
[WhiteElo "2190"]
[BlackElo "1985"]
[TimeControl "180+2"]
[EndTime "12:19:33 PST"]
[Termination "stefanodinn won by resignation"]

1. e4 c5 2. Nf3 d6 3. d4 cxd4 4. Nxd4 Nf6 5. f3 e5 6. Nb3 a5 7. c4 Nxe4 8. fxe4 Qh4+ 9. Kd2 a4 10. Nc3 g6 11. g3 Qd8 12. Bd3 axb3 13. Qxb3 Nc6 14.
Nb5 Be7 15. Kc2 O-O 16. Bh6 Re8 17. Rad1 Ra5 18. Kb1 Be6 19. Be3 Bg5 20. Bf2 Qf6 21. Be1 Rxb5 22. Qxb5 Rb8 23. Rf1 Qe7 24. Bf2 Bd7 25.
Qb6 Qf8 26. h4 Bd8 27. Qb3 Na5 28. Qc3 b6 29. b3 Be6 30. Be3 Rc8 31. Qd2 Rb8 32.
Bh6 Qe8 33. Bg5 Bc7 34. Bf6 Bd8 35. Qf2 Bxf6 36. Qxf6 Nc6 37. h5 Qe7 38. Qxe7 Nxe7 39. hxg6 hxg6 40. Be2 Kg7 41. Rxd6 b5 42. cxb5 Nc8 43.
Rc6 Ne7 44. Rc5 f6 45. Kb2 Kf7 46. a4 Bd7 47. Rd1 Ke6 48. Bc4+ 1-0

[Event "*** Titled Tuesday 3|2 Blitz (Early)"]
[Site "Chess.com"]
[Date "2016.12.06"]
[Round "6"]
[White "RamonManon0g"]
[Black "calemcc"]
[Result "1-0"]
[WhiteElo "2285"]
[BlackElo "2108"]
[TimeControl "180+2"]
[EndTime "12:19:40 PST"]
[Termination "RamonManon0g won by checkmate"]

1. d4 d5 2. Bg5 Nd7 3. e3 Ngf6 4.
c4 e6 5. Nc3 c6 6. cxd5 exd5 7.
Qc2 Be7 8. Bd3 O-O 9. Nf3 Re8 10. O-O Nf8 11. Rab1 Bg4 12. Ne5 Bh5 13. b4 a6 14.
a4 Bd6 15. f4 Rc8 16. b5 c5 17. bxa6 cxd4 18. exd4 bxa6 19. Bxa6 Rc7 20. Qd3 h6 21. Bh4 Ng6 22. Bg3 Ne7 23. Nb5 Bxe5 24. dxe5 Ne4 25. Nxc7 Qxc7 26. Rfc1 Qa7+ 27. Kh1 Bg6 28. Qb5 Rf8 29.
Qb6 Qd7 30. Bb5 Qg4 31. Rb3 Nf5 32. Kg1 Nfxg3 33. hxg3 Nxg3 34. Qf2 Ne4 35. Qf3 Qe6 36. Rc6 Qe7 37. f5 Nd2 38. Qxd5 Nxb3 39. fxg6 Na5 40.
gxf7+ Kh8 41. Ra6 Nb7 42. Ra7 Qc5+ 43. Qxc5 Nxc5 44. Re7 g5 45. e6 Kg7 46. Bd7 Kf6 47. Re8 Kg7 48. Rxf8 Kxf8 49. Kh2 Ke7 50. Kg3 h5 51. Kf3 g4+ 52. Kf4 Nd3+ 53. Kg5 g3 54. Kxh5 Ne1 55. Kg4 Nxg2 56. Kxg3 Ne3 57. a5 Nd5 58.
Kf3 Nc7 59. Ke4 Na6 60. Ke5 Nc5 61. Kd5 Na6 62. Kc6 Nb4+ 63. Kb7 Nd5 64. a6 Nf6 65. a7 Nxd7 66. exd7 Kxd7 67. f8=Q Ke6 68. a8=Q Kd7 69. Qac8# 1-0